 Dungeon Crawl Stone Soup version 0.29.0-4-gdea44cf6ec (webtiles) character file.

Game seed: 2434720650930244593

450 qw the Chopper (level 7, -2/43 HPs)
             Began as a Gargoyle Berserker on Sept 5, 2022.
             Was a Believer of Trog.
             Killed by divine providence
             ... invoked by an orc priest
              (11 damage)
             ... on level 6 of the Dungeon.
             The game lasted 00:01:18 (4115 turns).

qw the Chopper (Gargoyle Berserker)                 Turns: 4115, Time: 00:01:18

Health: -2/43      AC: 13    Str: 22    XL:     7   Next: 4%
Magic:  7/7        EV:  8    Int:  8    God:    Trog [**....]
Gold:   128        SH:  0    Dex:  9    Spells: 6/6 levels left

rFire   . . .      SeeInvis .   Y - +1 broad axe (vorpal)
rCold   . . .      Faith    .   (no shield)
rNeg    + . .      Spirit   .   c - +0 chain mail
rPois   inf        Reflect  .   (no helmet)
rElec   +          Harm     .   (no cloak)
rCorr   .          Rampage  .   (no gloves)
Will    .....                   (no boots)
Stlth   ..........              (no amulet)
HPRegen 0.14/turn               (no ring)
MPRegen 0.10/turn               (no ring)

@: confused, on berserk cooldown, slowed, very slow
A: sickness immunity, AC +4, negative energy resistance 1, electricity
resistance, torment resistance 1, petrification resistance
a: Renounce Religion, Berserk, Trog's Hand


You were on level 6 of the Dungeon.
You worshipped Trog.
Trog was pleased with you.
You visited 1 branch of the dungeon, and saw 5 of its levels.

You collected 128 gold pieces.


Innate Abilities, Weirdness & Mutations

You are immune to sickness and miasma.
Your stone body is resilient. (AC +4)
You are immune to poison.
You resist negative energy. (rN+)
You are resistant to electric shocks. (rElec)
You are resistant to unholy torment.
You are immune to petrification.


   Skills:
 - Level 4.2 Fighting
 + Level 6.5 Axes
 - Level 1.2 Throwing
 - Level 2.1 Armour
 - Level 1.5 Dodging


You had 6 spell levels left.
You didn't know any spells.
Your spell library was empty.

Inventory:

Hand Weapons
 h - a +0 whip
 Y - a +1 vorpal broad axe (weapon)
Missiles
 a - 2 boomerangs (quivered)
Armour
 c - a +0 chain mail (worn)
Jewellery
 d - a ring of ice
 g - an amulet of regeneration
Scrolls
 b - a scroll of identify
 f - 2 scrolls of noise {unknown}
Potions
 j - a potion of haste
 k - a potion of might {unknown}

Dungeon Overview and Level Annotations

Branches:
Dungeon (4/15)
 Temple: D:4-7

Altars:
Trog


Message History

Something hits you but does no damage.
You bump into the rock wall.
Something hits you but does no damage.
The orc priest miscasts a cantrip.
Something hits you but does no damage.
You bump into the rock wall.
Something hits you but does no damage.
The orc priest miscasts a cantrip.
You slash something!
Something hits you but does no damage. x2
You bump into the rock wall.
You feel less confused.
You hear some strange, mumbled words.
A puff of flame appears from out of thin air!
The puff of flame hits you but does no damage.
The orc priest mumbles some strange prayers to Beogh against you.
Beogh smites you!
You barely miss something.
You hear some strange, mumbled words.
You are confused.
Something hits you but does no damage.
You bump into the rock wall.
Something hits you. x2
You barely miss something. Something hits you.
You hear some strange, mumbled words.
You are more confused.
You miss something. Something hits you but does no damage.
The orc priest invokes the aid of Beogh against you.
Something writhes in agony!
Reactivating autopickup.
You feel a bit more experienced.
The orc priest mumbles some strange prayers to Beogh against you.
Beogh smites you!
You have reached level 7!
You start resting.
The orc priest invokes the aid of Beogh against you.
Beogh smites you!
You die...

..##O#######
....oo)@).)#
.###.#####.#
#.# #.###
#.#.##
#....##
##.....##
#.......#
##......##


You could see an ogre, an orc priest and an orc.

Vanquished Creatures
  2 scorpions (D:4)
  2 hounds
  3 orc priests
  A jelly (D:6)
  An orc wizard (D:4)
  2 adders (D:3)
  An ufetubus (D:4)
  2 worms
  A dart slug (D:3)
  8 orcs
  6 ball pythons
  5 bats
  4 endoplasms
  3 giant cockroaches
  5 goblins
  6 hobgoblins
  11 jackals
  2 quokkas
  2 frilled lizards (D:1)
  5 kobolds
  7 rats
79 creatures vanquished.

Vanquished Creatures (others)
  An orc wizard (D:6)
1 creature vanquished.

Grand Total: 80 creatures vanquished

Notes
Turn   | Place    | Note
-------+----------+-------------------------------------------
     0 | D:1      | qw the Gargoyle Berserker began the quest for the Orb.
     0 | D:1      | Reached XP level 1. HP: 14/14 MP: 1/1
     0 | D:1      | 0 ||| qw: Version: 0.1-a-104-g96f76f8
     0 | D:1      | 0 ||| qw: Game counter: 5986
     0 | D:1      | 0 ||| qw: Always use a shield: true
     0 | D:1      | 0 ||| qw: Do Orc after D:15 true
     0 | D:1      | 0 ||| qw: Do second Lair branch before Depths: true
     0 | D:1      | 0 ||| qw: Lair rune preference: random
     0 | D:1      | 0 ||| qw: Plans: Normal
     0 | D:1      | 0 ||| PLANNING D:1-11
    98 | D:1      | 98 ||| Stepping ~*~*~tactically~*~*~ (stealth).
   113 | D:1      | 113 ||| INVOKING Berserk.
   114 | D:1      | 114 ||| INVOKING Berserk.
   116 | D:1      | Reached skill level 3 in Axes
   161 | D:1      | 161 ||| Stepping ~*~*~tactically~*~*~ (stealth).
   165 | D:1      | Reached XP level 2. HP: 10/19 MP: 2/2
   170 | D:1      | 170 ||| INVOKING Berserk.
   622 | D:1      | Reached XP level 3. HP: 16/23 MP: 3/3
   717 | D:1      | 717 ||| DROPPING +0 club.
   857 | D:1      | Reached ** piety under Trog
  1497 | D:1      | 1497 ||| UPGRADING to +0 chain mail.
  1507 | D:1      | 1507 ||| DROPPING +0 animal skin.
  1508 | D:1      | 1508 ||| READING scroll labelled PEWYDI HUKYO.
  1513 | D:1      | 1513 ||| READING scroll labelled DOMUSU TUSCHAD.
  1514 | D:1      | 1514 ||| DRINKING 2 lumpy emerald potions.
  1710 | D:2      | Found a faded altar of an unknown god.
  1775 | D:2      | 1775 ||| Stepping ~*~*~tactically~*~*~ (stealth).
  1789 | D:2      | Reached skill level 4 in Axes
  1827 | D:2      | 1827 ||| Stepping ~*~*~tactically~*~*~ (stealth).
  1902 | D:2      | 1902 ||| INVOKING Berserk.
  2593 | D:2      | 2593 ||| READING scroll labelled YNIKARR QYRGH.
  2594 | D:2      | 2594 ||| DRINKING 2 bubbling golden potions.
  2634 | D:2      | 2634 ||| DROPPING potion of lignification.
  2761 | D:3      | Found a bloodstained altar of Trog.
  2798 | D:3      | Reached XP level 4. HP: 27/28 MP: 4/4
  3068 | D:3      | Reached skill level 1 in Throwing
  3309 | D:3      | 3309 ||| READING scroll labelled TEOHEOXOMU.
  3310 | D:3      | 3310 ||| READING scroll labelled UTWUOS FAEMI.
  3310 | D:3      | Identified a scroll of acquirement
  3310 | D:3      | 3310 ||| ACQUIRING +1 vorpal broad axe
  3310 | D:3      | Acquired a +1 vorpal broad axe
  3312 | D:3      | 3312 ||| SWAPPING to +1 vorpal broad axe.
  3313 | D:3      | 3313 ||| DROPPING +0 hand axe.
  3314 | D:3      | 3314 ||| READING scroll labelled SUACAISUATH.
  3315 | D:3      | 3315 ||| DRINKING 2 lumpy pink potions.
  3316 | D:3      | 3316 ||| READING 3 scrolls of identify.
  3316 | D:3      | 3316 ||| IDENTIFYING fuming puce potion
  3317 | D:3      | 3317 ||| READING 2 scrolls of identify.
  3317 | D:3      | 3317 ||| IDENTIFYING fizzy clear potion
  3318 | D:3      | 3318 ||| DROPPING potion of degeneration.
  3319 | D:3      | 3319 ||| DROPPING potion of brilliance.
  3348 | D:4      | 3348 ||| INVOKING Berserk.
  3350 | D:4      | Reached XP level 5. HP: 32/32 MP: 5/5
  3356 | D:4      | Reached skill level 5 in Axes
  3366 | D:4      | 3366 ||| FLEEEEING.
  3368 | D:4      | 3368 ||| STAIRDANCE
  3502 | D:4      | 3502 ||| Stepping ~*~*~tactically~*~*~ (stealth).
  3519 | D:4      | Reached XP level 6. HP: 36/38 MP: 6/6
  3560 | D:4      | 3560 ||| INVOKING Berserk.
  3574 | D:4      | 3574 ||| FLEEEEING.
  3864 | D:4      | You fall into a shaft and drop 2 floors!
  3873 | D:6      | 3873 ||| INVOKING Berserk.
  3875 | D:6      | Reached skill level 6 in Axes
  4090 | D:6      | 4090 ||| Stepping ~*~*~tactically~*~*~ (hiding).
  4093 | D:6      | 4093 ||| INVOKING Berserk.
  4104 | D:6      | 4104 ||| DRINKING potion of curing.
  4104 | D:6      | 4104 ||| (to cure confusion)
  4114 | D:6      | HP: 8/38 [orc priest/divine providence (8)]
  4115 | D:6      | Reached XP level 7. HP: 9/43 MP: 7/7
  4115 | D:6      | Killed from afar by an orc priest

Levels and vault maps discovered:
D:1:      tarquinn_simple_flora_water_f, layout_loops_ring,
          chequers_serial_rivers_micro_c
D:2:      layout_basic, ebering_ecumenical_altar_mist,
          hangedman_decor_diamond_cutter, amcnicky_mini_rare_corridor_liquid
D:3:      layout_basic, lemuel_tele_altar
D:4:      layout_cave_pools, temple_fountains
D:6:      layout_loops_corners

Skill      XL: |  1  2  3  4  5  6 |
---------------+-------------------+-----
Axes           | 3 4 5 6 |  6.5
Throwing       | 1 |  1.2
Fighting       | 4 |  4.2
Armour         | |  2.1
Dodging        | |  1.5

Action                   |  1- 3 |  4- 6 |  7- 9 || total
-------------------------+-------+-------+-------++-------
Melee: Hand axe          |   153 |    49 |       ||   202
       Punch             |     3 |       |       ||     3
       Broad axe         |       |    42 |       ||    42
Throw: Javelin           |    13 |    17 |       ||    30
       Boomerang         |       |    11 |       ||    11
Invok: Berserk           |     3 |     4 |       ||     7
  Use: Scroll            |     3 |     5 |       ||     8
       Potion            |     2 |     2 |       ||     4
Armor: Animal skin       |    30 |       |       ||    30
       Chain mail        |    44 |    64 |       ||   108
Dodge: Dodged            |    81 |    40 |       ||   121

Table legend:
 A = Non-vault XP
 B = Vault XP
 C = Vault XP percentage of total XP
 D = Non-vault monster count
 E = Vault monster count
 F = Vault count percentage of total count
                 A         B        C        D         E       F
            +---------+---------+-------+---------+---------+-------
      Total |     644 |       0 |   0.0 |      80 |       0 |   0.0
            +---------+---------+-------+---------+---------+-------
        D:1 |      49 |       0 |   0.0 |      30 |       0 |   0.0
        D:2 |      30 |       0 |   0.0 |      15 |       0 |   0.0
        D:3 |      46 |       0 |   0.0 |      11 |       0 |   0.0
        D:4 |     359 |       0 |   0.0 |      19 |       0 |   0.0
        D:6 |     160 |       0 |   0.0 |       5 |       0 |   0.0
            +---------+---------+-------+---------+---------+-------
